 Dungeon Crawl Stone Soup version 0.19-a0-1740-g0bcaf2e (webtiles) character file.

930 hairmachine the Cudgeler (level 7, 0/81 HPs)
             Began as a Demonspawn Abyssal Knight on Oct 1, 2016.
             Was a Priest of Lugonu.
             Slain by an ogre
             ... wielding a +0 giant club
              (9 damage)
             ... on level 4 of the Dungeon.
             The game lasted 00:13:14 (6948 turns).

hairmachine the Cudgeler (DsAK)                     Turns: 6948, Time: 00:13:14

Health: 0/81       AC: 23    Str: 14      XL:     7   Next: 86%
Magic:  8/8        EV:  2    Int: 13      God:    Lugonu [***...]
Gold:   277        SH:  3    Dex: 12 (13) Spells: 0 memorised, 6 levels left

rFire  . . .     SeeInvis .     a - +2 mace
rCold  . . .     Gourm    .     (armour currently unavailable)
rNeg   + + +     Faith    .     l - +0 buckler
rPois  +         Spirit   .     (helmet currently unavailable)
rElec  .         Dismiss  .     (cloak currently unavailable)
rCorr  .         Reflect  .     (gloves currently unavailable)
MR     .....     Harm     .     (boots currently unavailable)
Stlth  ++++...... NoTele   +    (no amulet)
                                (no ring)
                                (no ring)

@: tree-form
A: (claws 0), (fire resistance 0), nightstalker 2
a: Depart the Abyss, Bend Space, Banish, Renounce Religion


You were on level 4 of the Dungeon.
You worshipped Lugonu.
Lugonu was most pleased with you.
You were hungry.
You were a tree.
You visited 1 branch of the dungeon, and saw 5 of its levels.
You visited the Abyss 1 time.

You collected 277 gold pieces.

Inventory:

Hand Weapons
 a - a +2 mace (weapon)
Armour
 d - a +0 helmet (melded)
 l - a +0 buckler (worn)
 v - a +0 scale mail (melded)
Jewellery
 f - a +4 ring of strength {unknown}
Scrolls
 b - a scroll of magic mapping {unknown}
 e - 4 scrolls of identify
 g - a scroll of teleportation
 h - a scroll of recharging
 j - a scroll of remove curse
 k - a scroll of enchant armour {unknown}
 p - 2 scrolls of enchant weapon
 t - 2 scrolls of blinking
 u - 2 scrolls of fear {unknown}
 x - a scroll of fog {unknown}
Potions
 n - a potion of lignification
 s - a potion of degeneration {unknown}
 w - a potion of agility {unknown}
Comestibles
 c - 7 bread rations
 o - a beef jerky
 q - 4 meat rations
 z - 4 fruits


   Skills:
 - Level 4.0 Fighting
 + Level 7.8 Maces & Flails
 - Level 2.1 Armour
 - Level 1.0 Dodging
 - Level 0.8 Stealth
 + Level 0.3 Shields
 - Level 2.6 Invocations


You had 6 spell levels left.
You didn't know any spells.

Dungeon Overview and Level Annotations

Branches:
Dungeon (5/15)             Temple (0/1) D:5

Altars:
Fedhas
Uskayaw

Annotations:
D:4 azzavlup's ghost, novice HOFi


Innate Abilities, Weirdness & Mutations

((You have very sharp fingernails.))
((Your flesh is heat resistant. (rF+)))
You are significantly more attuned to the shadows.


Message History

You sock the ogre!
The ogre is moderately wounded.
The ogre hits you with a giant club!
You sock the ogre!
The ogre is heavily wounded.
You sock the ogre!
The ogre is almost dead.
The ogre hits you with a giant club.
You hit the ogre.
The ogre is almost dead.
The ogre closely misses you.
You completely miss the ogre.
The ogre is almost dead.
The ogre hits you with a giant club!!
Ouch! That really hurt!
* * * LOW HITPOINT WARNING * * *
You turn into a tree.
Your +0 helmet melds into your body.
Your +0 scale mail melds into your body.
Your roots penetrate the ground.
The ogre hits you with a giant club!
You die...

#.#####.#####.............#
####§###.........###........##
.....<....######## ##......##
##...###### ######## ...#.#
####.# #W#
####.######################
..........(.)...♣O........#######
###.#####################...$....
##.# #####......!..... #..#
...........?..... ##.######
#####.####....... .........
#####..# #....... .#...###
##.....## ######## .###...#
#..##### ## ###.# ###.##


You could see an ogre.

Vanquished Creatures
  A sky beast (D:5)
  An ogre (D:5)
  A phantom (D:4)
  3 centaur zombies (D:5)
  3 hounds
  A quasit (D:5)
  A bullfrog skeleton (D:3)
  2 orc priests
  An orc wizard (D:5)
  2 iguanas (D:5)
  5 worker ants
  2 hound skeletons
  2 adders (D:5)
  A shadow imp (D:5)
  An ooze (D:1)
  2 adder zombies (D:5)
  4 worms
  5 dart slugs
  2 leopard geckos (D:4)
  8 orcs
  2 ball pythons
  8 giant cockroaches
  7 goblins
  6 hobgoblins
  3 jackals (D:1)
  8 kobolds
  6 bats
  4 frilled lizards
  A jackal skeleton (D:5)
  8 rats
101 creatures vanquished.

Notes
Turn   | Place    | Note
-------+----------+-------------------------------------------
     0 | Abyss:1  | hairmachine the Demonspawn Abyssal Knight began the quest for the Orb.
     0 | Abyss:1  | Reached XP level 1. HP: 18/18 MP: 2/2
    60 | Abyss:1  | Noticed a small abomination
    66 | D:1      | Escaped the Abyss
   165 | D:1      | Reached * piety under Lugonu
   494 | D:1      | Reached skill level 2 in Maces & Flails
   494 | D:1      | Gained mutation: You are slightly more attuned to the shadows. [demonic ancestry]
   494 | D:1      | Reached XP level 2. HP: 24/24 MP: 3/3
  1193 | D:1      | Gained mutation: You are significantly more attuned to the shadows. [demonic ancestry]
  1193 | D:1      | Reached XP level 3. HP: 25/30 MP: 4/4
  1919 | D:2      | Reached skill level 1 in Dodging
  2021 | D:2      | Reached ** piety under Lugonu
  2775 | D:3      | Gained mutation: You have sharp fingernails. [demonic ancestry]
  2775 | D:3      | Reached XP level 4. HP: 33/37 MP: 5/5
  3071 | D:3      | Reached skill level 3 in Maces & Flails
  3874 | D:3      | Reached XP level 5. HP: 37/42 MP: 6/6
  3893 | D:4      | Reached skill level 4 in Maces & Flails
  3973 | D:4      | Noticed azzavlup's ghost (novice HOFi)
  4294 | D:4      | Noticed a phantom
  4375 | D:4      | Killed a phantom
  4375 | D:4      | Reached skill level 5 in Maces & Flails
  4375 | D:4      | Gained mutation: You have very sharp fingernails. [demonic ancestry]
  4375 | D:4      | Reached XP level 6. HP: 13/48 MP: 7/7
  4715 | D:5      | Entered Level 5 of the Dungeon
  5180 | D:5      | Found a staircase to the Ecumenical Temple.
  5195 | D:5      | Found a hide-covered altar of Uskayaw.
  5238 | D:5      | Reached skill level 6 in Maces & Flails
  5289 | D:5      | Found a blossoming altar of Fedhas.
  5664 | D:5      | Gained mutation: Your flesh is heat resistant. (rF+) [demonic ancestry]
  5664 | D:5      | Reached XP level 7. HP: 13/54 MP: 8/8
  5939 | D:5      | Reached *** piety under Lugonu
  6116 | D:5      | Reached skill level 7 in Maces & Flails
  6948 | D:4      | Slain by an ogre

Vault maps used:
D:1:      lightli_arrival_windingriver, interstate_on_off
D:2:      roderic_curled_sauvastika, minivault_27
D:3:      grunt_ministairs_14
D:4:      first_bread
D:5:      minmay_opposing_rooms, kennysheep_mini_moat, fedhas_altar_2

Skill      XL: |  1  2  3  4  5  6  7 |
---------------+----------------------+-----
Maces & Flails | 2 3 5 6 7 |  7.8
Fighting       | 4 |  4.0
Dodging        | 1 |  1.0
Armour         | 2 |  2.1
Stealth        | |  0.8
Shields        | |  0.3
Invocations    | |  2.6

Action                   |  1- 3 |  4- 6 |  7- 9 || total
-------------------------+-------+-------+-------++-------
Melee: Mace              |   127 |   208 |   104 ||   439
Invok: Depart the Abyss  |     1 |       |       ||     1
  Use: Potion            |       |     7 |     1 ||     8
       Scroll            |       |       |     7 ||     7
 Stab: Sleeping          |     8 |     4 |     1 ||    13
  Eat: Chunk             |     5 |    10 |     4 ||    19
Armor: Leather armour    |    33 |       |       ||    33
       Scale mail        |     1 |    96 |    55 ||   152
Dodge: Dodged            |    71 |    71 |    45 ||   187
Block: Buckler           |     4 |    26 |    11 ||    41
